 Dungeon Crawl Stone Soup version 0.24.0-41-g2ae2f7f1be (console) character file.

Game seed: 7681540475007866247, levelgen mode: deterministic

1992 Kagalorn the Martial Artist (level 9, 0/67 HPs)
             Began as a Red Draconian Transmuter on Dec 9, 2019.
             Was a Priest of Okawaru.
             Slain by a meliai
             ... wielding a +0 hand axe
              (8 damage)
             ... on level 7 of the Dungeon.
             The game lasted 00:20:06 (7191 turns).

Kagalorn the Martial Artist (DrTm)                  Turns: 7191, Time: 00:20:06

Health: 0/67       AC: 11    Str: 12    XL:     9   Next: 1%
Magic:  21/21      EV: 12    Int: 16    God:    Okawaru [***...]
Gold:   337        SH:  0    Dex: 13    Spells: 4/12 levels left

rFire    + . .     SeeInvis .     - Unarmed
rCold    . . .     Gourm    .   (no shield)
rNeg     . . .     Faith    .   (armour unavailable)
rPois    .         Spirit   .   q - +0 hat
rElec    .         Reflect  .   v - +0 cloak
rCorr    .         Harm     .   (no gloves)
MR       .....                  g - +0 pair of boots
Stlth    +.........             (no amulet)
HPRegen  0.21/turn              r - ring of magical power
MPRegen  0.17/turn              s - +2 ring of protection

@: no status effects
A: breathe fire, unfitting armour, fire resistance 1, cold-blooded, AC +7
a: Breathe Fire, Heroism, Renounce Religion


You were on level 7 of the Dungeon.
You worshipped Okawaru.
Okawaru was most pleased with you.
You were very hungry.

You visited 2 branches of the dungeon, and saw 9 of its levels.

You collected 337 gold pieces.

Inventory:

Armour
 g - a +0 pair of boots (worn)
 q - a +0 hat (worn)
 v - a +0 cloak (worn)
Jewellery
 j - an uncursed ring of protection from cold
 r - a ring of magical power (left hand)
 s - a +2 ring of protection (right hand)
 x - the ring "Ujedysarr" {rF++ MR- Str+4 Dex+2 SInv}
   (You took it off an orc priest on level 7 of the Dungeon)

   [ring of see invisible]

   It affects your strength (+4).
   It affects your dexterity (+2).
   It greatly protects you from fire.
   It affects your resistance to hostile enchantments.
   It lets you see invisible.
Wands
 p - a wand of acid (7)
Scrolls
 a - a scroll of random uselessness {unknown}
 b - 4 scrolls of remove curse
 d - a scroll of amnesia {unknown}
 h - 2 scrolls of noise {unknown}
 k - a scroll of enchant weapon {unknown}
 l - 4 scrolls of teleportation
 n - 2 scrolls of enchant armour
 t - a scroll of vulnerability {unknown}
Potions
 e - a potion of curing
 f - a potion of cancellation
 i - 3 potions of ambrosia
 m - a potion of haste {unknown}
 o - a potion of flight
 u - 2 potions of might
Comestibles
 c - 8 rations


   Skills:
 + Level 1.9 Fighting
 - Level 1.7 Dodging
 - Level 8.0 Unarmed Combat
 - Level 2.0 Spellcasting
 * Level 7.2 Transmutations
 * Level 1.6 Ice Magic
 - Level 2.0 Poison Magic
 * Level 4.9 Invocations


You had 4 spell levels left.
You knew the following spells:

 Your Spells              Type           Power        Failure   Level  Hunger
a - Beastly Appendage     Tmut           ###...       1%          1    #......
b - Spider Form           Tmut/Pois      ###.......   10%         3    ###....
c - Ice Form              Ice/Tmut       ###.....     32%         4    #####..

Your spell library contained the following spells:

 Spells                   Type           Power        Failure   Level  Hunger
 Sticks to Snakes         Tmut           ###.....     1%          2    ###....
 Blade Hands              Tmut           ###.......   30%         5    ######.


Dungeon Overview and Level Annotations

Branches:
Dungeon (8/15)             Temple (1/1) D:4
   Lair: D:8-11

Altars:
Ashenzari
Cheibriados
Dithmenos
Elyvilon
Fedhas
Gozag
Hepliaklqana
Kikubaaqudgha
Makhleb
Nemelex Xobeh
Okawaru
Qazlal
Ru
Sif Muna
Trog
Uskayaw
Vehumet
Wu Jian
Xom
Yredelemnul
Zin
The Shining One


Innate Abilities, Weirdness & Mutations

You can breathe blasts of fire.
Your fiery red scales are hard. (AC +7)
You cannot fit into any form of body armour.
Your flesh is heat resistant. (rF+)
You are cold-blooded and may be slowed by cold attacks.


Message History

You hear a shout!
The meliai mumbles some strange prayers to its god against you.
Something smites you! The meliai closely misses you. The meliai stings you.
There is a stone staircase leading up here.
The meliai hits you with a +0 hand axe. The meliai stings you.
* * * LOW HITPOINT WARNING * * *
The meliai hits you but does no damage. The meliai stings you.
* * * LOW HITPOINT WARNING * * *
You are lethally poisoned!
The meliai poisons you!
You climb upwards.
* * * LOW HITPOINT WARNING * * *
You feel very sick.
There is a stone staircase leading down here.
Okay, then.
You feel better. The meliai hits you with a +0 hand axe!
* * * LOW HITPOINT WARNING * * *
The meliai barely misses you. The meliai hits you with a +0 hand axe!
You die...

# ##...## #.# #.#
# ##'## #.# #.# #
#.# #.# ##.## #
#.# #.## #...#
##.## #..# #..##
##...#### ##.#
##.#####
###.......# #.#
#......#
..........# #.#
#..###.#
....#.#...######@#
#..###.##
....#.##.......y.#
#........
....#.############
#.####.## ....#.#
#......#
#####.#####
######## #.......#
### #.#.###.#
##.## #.#.#
#.##########
##.#.# ###.#.#
#.##.......#
##.###.


You could see a meliai.

Vanquished Creatures
  A black bear (D:7)
  3 ice beasts (D:6)
  An orc warrior (D:6)
  A sky beast (D:7)
  2 ogres
  3 centaurs
  A bullfrog (D:7)
  A scorpion (D:7)
  A howler monkey (D:4)
  A crimson imp (D:5)
  A jelly (D:7)
  2 centaur skeletons
  2 hounds
  5 orc priests
  Crazy Yiuf (D:7)
  3 orc wizards
  2 iguanas
  Natasha (thrice) (D:4)
  3 worker ants
  4 gnolls (D:3)
  10 adders
  A shadow imp (D:6)
  2 oozes
  An adder skeleton (D:6)
  3 worms
  2 dart slugs
  4 leopard geckos
  15 orcs
  3 giant cockroaches
  8 hobgoblins
  5 jackals
  5 kobolds
  3 quokkas
  3 ball pythons
  7 bats
  6 frilled lizards
  3 goblins
  A leopard gecko skeleton (D:4)
  7 rats
130 creatures vanquished.

Notes
Turn   | Place    | Note
-------+----------+-------------------------------------------
     0 | D:1      | Kagalorn the Draconian Transmuter began the quest for the
                  | Orb.
     0 | D:1      | Reached XP level 1. HP: 16/16 MP: 3/3
   177 | D:1      | Reached XP level 2. HP: 23/23 MP: 3/5
   851 | D:2      | Reached skill level 4 in Unarmed Combat
   851 | D:2      | Reached XP level 3. HP: 21/28 MP: 4/6
   913 | D:2      | Found a white marble altar of Elyvilon.
  1483 | D:2      | Reached XP level 4. HP: 35/35 MP: 5/7
  1792 | D:2      | Found a stormy altar of Qazlal.
  2017 | D:3      | Reached skill level 5 in Unarmed Combat
  2282 | D:3      | Learned a level 3 spell: Spider Form
  2330 | D:3      | Reached XP level 5. HP: 33/40 MP: 8/8
  2506 | D:3      | Found an iron altar of Okawaru.
  2506 | D:3      | Found a snail-covered altar of Cheibriados.
  2510 | D:3      | Found a sparkling altar of Nemelex Xobeh.
  2510 | D:3      | Found a glowing golden altar of the Shining One.
  2524 | D:3      | Became a worshipper of Warmaster Okawaru
  3527 | D:4      | Noticed Natasha
  3703 | D:4      | Killed Natasha
  3703 | D:4      | Reached XP level 6. HP: 32/47 MP: 5/9
  3759 | D:4      | Reached skill level 1 in Invocations
  3783 | D:4      | Reached skill level 6 in Unarmed Combat
  3783 | D:4      | Reached skill level 1 in Poison Magic
  3793 | D:4      | Reached * piety under Okawaru
  3978 | D:4      | Found a hide-covered altar of Uskayaw.
  3978 | D:4      | Found a burning altar of Makhleb.
  4049 | D:4      | Noticed Natasha
  4059 | D:4      | Killed Natasha
  4277 | D:4      | Noticed Natasha
  4286 | D:4      | Killed Natasha
  4286 | D:4      | Your scales start taking on a fiery red colour.
  4286 | D:4      | Reached XP level 7. HP: 41/52 MP: 7/10
  4286 | D:4      | Gained mutation: Your flesh is heat resistant. (rF+) [Red
                  | Draconian growth]
  4365 | D:4      | Found a staircase to the Ecumenical Temple.
  4374 | Temple   | Entered the Ecumenical Temple
  4641 | D:5      | Entered Level 5 of the Dungeon
  4929 | D:5      | Reached skill level 7 in Unarmed Combat
  5550 | D:6      | Reached ** piety under Okawaru
  5550 | D:6      | Reached skill level 5 in Transmutations
  5550 | D:6      | Reached XP level 8. HP: 59/59 MP: 11/11
  5604 | D:6      | Reached skill level 8 in Unarmed Combat
  6047 | D:7      | Learned a level 4 spell: Ice Form
  6379 | D:7      | Found a runed translucent door.
  6380 | D:7      | Noticed Crazy Yiuf
  6403 | D:7      | Killed Crazy Yiuf
  6403 | D:7      | Reached skill level 1 in Ice Magic
  6972 | D:7      | Identified the ring "Ujedysarr" {rF++ MR- Str+4 Dex+2 SInv}
  6988 | D:7      | Reached *** piety under Okawaru
  7159 | D:8      | Reached XP level 9. HP: 54/67 MP: 12/12
  7182 | D:8      | Noticed a meliai
  7182 | D:8      | Noticed a meliai
  7182 | D:8      | Noticed a meliai
  7191 | D:7      | Slain by a meliai

Levels and vault maps discovered:
D:1:      moated_graveyard_arrival, layout_basic
D:2:      layout_basic, lemuel_round_altar, grunt_qazlal_clouds
D:3:      layout_loops_ring, grunt_temple_overflow_open, serial_forest,
          infiniplex_forest_lined_4_way, infiniplex_forest_clump_curved,
          infiniplex_forest_end_2, infiniplex_forest_straight_4
D:4:      layout_rooms, gammafunk_temple_overflow_elements, temple_statues,
          first_ration, uniq_natasha
D:5:      layout_rooms
D:6:      layout_cave_pools, grunt_ministairs_2
D:7:      layout_loops_corners, uniq_crazy_yiuf_cottage
D:8:      layout_loops_cross, serial_shops, nicolae_shop_stone
Temple:   regret_index_temple_generic_petals

Skill      XL: |  1  2  3  4  5  6  7  8 |
---------------+-------------------------+-----
Unarmed Combat | 4 5 6 7 8 |  8.0
Transmutations | 3 4 5 7 |  7.2
Invocations    | 1 3 4 |  4.9
Poison Magic   | 1 2 |  2.0
Ice Magic      | 1 |  1.6
Fighting       | |  1.9
Dodging        | |  1.7
Spellcasting   | |  2.0

Action                   |  1- 3 |  4- 6 |  7- 9 || total
-------------------------+-------+-------+-------++-------
Melee: Unarmed           |   137 |   171 |   214 ||   522
       Tailslap          |    11 |     8 |    21 ||    40
       Kick              |    10 |     4 |       ||    14
       Headbutt          |     3 |     6 |    15 ||    24
       Punch             |     1 |     4 |     6 ||    11
 Cast: Beastly Appendage |    17 |    18 |    17 ||    52
       Spider Form       |       |     7 |    12 ||    19
Invok: Heroism           |       |       |     1 ||     1
 Abil: End Transformatio |       |       |     2 ||     2
  Use: Scroll            |       |       |    10 ||    10
       Potion            |       |       |     1 ||     1
 Stab: Sleeping          |     2 |     1 |     1 ||     4
  Eat: Chunk             |     2 |     7 |     5 ||    14
       Ration            |       |     1 |     2 ||     3
Armor: Skin              |    28 |    53 |    55 ||   136
Dodge: Dodged            |    74 |   130 |   138 ||   342
